 Dungeon Crawl Stone Soup version 0.28.0-53-g5a82cb258f (webtiles) character file.

Game seed: 13726807277189036296

184 Ashen the Chiller (level 5, -2/38 HPs)
             Began as a Demonspawn Ice Elementalist on July 9, 2022.
             Was an Initiate of Vehumet.
             Slain by a water moccasin zombie (6 damage)
             ... on level 5 of the Dungeon.
             The game lasted 00:04:55 (3315 turns).

Ashen the Chiller (Demonspawn Ice Elementalist)     Turns: 3315, Time: 00:04:56

Health: -2/38      AC:  2    Str:  8    XL:     5   Next: 36%
Magic:  7/9        EV: 12    Int: 19    God:    Vehumet [......]
Gold:   36         SH:  0    Dex: 13    Spells: 5/9 levels left

rFire   . . .      SeeInvis .   e - +0 dagger (venom)
rCold   . . .      Faith    .   (no shield)
rNeg    . . .      Spirit   .   a - +0 robe
rPois   .          Reflect  .   (no helmet)
rElec   .          Harm     .   (no cloak)
rCorr   .          Rampage  .   (no gloves)
Will    .....                   (no boots)
Stlth   ++........              (no amulet)
HPRegen 0.12/turn               (no ring)
MPRegen 0.11/turn               (no ring)

@: no status effects
A: hooves 1, demonic guardian 1
a: Renounce Religion


You were on level 5 of the Dungeon.
You worshipped Vehumet.
Vehumet was noncommittal.
You visited 2 branches of the dungeon, and saw 5 of its levels.

You collected 36 gold pieces.

Inventory:

Hand Weapons
 e - a +0 dagger of venom (weapon)
Armour
 a - a +0 robe (worn)
Scrolls
 c - 2 scrolls of teleportation {unknown}
 d - 2 scrolls of identify {unknown}
 g - a scroll of fog {unknown}
Potions
 b - a potion of lignification {unknown}
 f - a potion of curing {unknown}


   Skills:
 + Level 2.1 Fighting
 + Level 2.7 Dodging
 + Level 2.9 Stealth
 + Level 2.8 Spellcasting
 + Level 4.2 Ice Magic


You had 5 spell levels left.
You knew the following spells:

 Your Spells              Type           Power      Damage    Failure   Level
a - Freeze                Ice            72%        1d9       2%          1
b - Frozen Ramparts       Ice            36%        1d5       9%          3

Your spell library contained the following spells:

 Spells                   Type           Power      Damage    Failure   Level
 Ozocubu's Armour         Ice            18%        N/A       9%          3
 Portal Projectile        Hex/Tloc       4%         N/A       43%         3
 Hailstorm                Conj/Ice       10%        3d5       54%         4
 Alistair's Intoxication  Tmut/Pois      1%         N/A       99%         5
 Blade Hands              Tmut           1%         N/A       99%         5
 Borgnjor's Vile Clutch   Necr/Erth      1%         N/A       99%         5
 Excruciating Wounds      Necr           1%         N/A       99%         5
 Eringya's Noxious Bog    Tmut/Pois      1%         N/A       100%        6
 Borgnjor's Revivificati  Necr           1%         N/A       100%        8
 Necromutation            Tmut/Necr      1%         N/A       100%        8
 Death's Door             Necr           1%         N/A       100%        9


Dungeon Overview and Level Annotations

Branches:
Dungeon (5/15)             Temple (1/1) D:5

Altars:
Ashenzari
Dithmenos
Elyvilon
Hepliaklqana
Makhleb
Okawaru
Sif Muna
Uskayaw
Vehumet
Wu Jian
Xom
Zin
The Shining One


Innate Abilities, Weirdness & Mutations

You have large cloven feet.
A weak demonic guardian rushes to your aid.


Message History

The frozen ramparts melt away.
The water moccasin zombie bites you.
You hit the water moccasin zombie.
The water moccasin zombie is severely damaged.
The water moccasin zombie bites you!
Casting: Frozen Ramparts (dangerous; 9% risk of failure)
Confirm with . or Enter, or press ? or * to list all spells.
Okay, then.
Casting: Frozen Ramparts (dangerous; 9% risk of failure)
Confirm with . or Enter, or press ? or * to list all spells.
Aiming: Freeze (safe; 2% risk of failure)
Press: ? - help, Shift-Dir - straight line, f - water moccasin zombie
Aim: a water moccasin zombie (severely damaged)
You freeze the water moccasin zombie but do no damage.
The water moccasin zombie completely resists.
The water moccasin zombie misses you. The water moccasin zombie bites you.
* * * LOW HITPOINT WARNING * * *
Casting: Freeze (safe; 2% risk of failure)
Confirm with . or Enter, or press ? or * to list all spells.
Aiming: Freeze (safe; 2% risk of failure)
Press: ? - help, Shift-Dir - straight line, f/p - water moccasin zombie
Aim: a water moccasin zombie (severely damaged)
You freeze the water moccasin zombie but do no damage.
The water moccasin zombie completely resists.
The water moccasin zombie bites you!
* * * LOW HITPOINT WARNING * * *
A demonic guardian appears!
Your shadow imp completely misses the water moccasin zombie.
Your shadow imp hits the water moccasin zombie.
The water moccasin zombie closely misses you.
The water moccasin zombie barely misses you.
Your shadow imp disappears in a puff of smoke!
The water moccasin zombie bites you.
* * * LOW HITPOINT WARNING * * *
A demonic guardian appears!
Your ufetubus hits the water moccasin zombie.
Your ufetubus barely misses the water moccasin zombie.
Your ufetubus hits the water moccasin zombie.
Your ufetubus closely misses the water moccasin zombie.
The water moccasin zombie bites you.
You die...

#.# #...... #.#
#...... #.# #......
#.## #...... #..#
#...... ##.##
#...... ##..#####
#......####.......#
#.......#..@....#
#######.#..Z....#
#.#..5....#
#.#.......#
#.#.......#
#.#.......#
#.#.......#
#.##....+##
#5##....+.#


You could see a water moccasin zombie (ally target) and a friendly ufetubus
(summoned).

Vanquished Creatures
  Natasha (thrice) (D:2)
  An iguana (D:2)
  An orc wizard (D:2)
  A gnoll (D:1)
  An adder (D:3)
  A worm (D:2)
  2 dart slugs (D:2)
  2 orcs (D:2)
  2 ball pythons (D:1)
  3 endoplasms (D:1)
  A giant cockroach (D:1)
  2 hobgoblins (D:1)
  A kobold (D:1)
  2 quokkas
  4 bats
  6 frilled lizards
  4 goblins
37 creatures vanquished.

Vanquished Creatures (collateral kills)
  A hobgoblin (D:2)
  A kobold (D:2)
2 creatures vanquished.

Grand Total: 39 creatures vanquished

Notes
Turn   | Place    | Note
-------+----------+-------------------------------------------
     0 | D:1      | Ashen the Demonspawn Ice Elementalist began the quest for
                  | the Orb.
     0 | D:1      | Reached XP level 1. HP: 13/13 MP: 3/3
   483 | D:1      | Gained mutation: You have large cloven feet. [demonic
                  | ancestry]
   483 | D:1      | Reached XP level 2. HP: 19/20 MP: 0/5
  1071 | D:1      | Found a faded altar of an unknown god.
  1090 | D:1      | Reached skill level 1 in Fighting
  1215 | D:1      | Reached XP level 3. HP: 26/26 MP: 3/6
  1655 | D:2      | Noticed Natasha
  1656 | D:2      | Found a hazy altar of Hepliaklqana.
  1661 | D:2      | Killed Natasha
  1684 | D:1      | Learned a level 3 spell: Frozen Ramparts
  1800 | D:2      | Noticed Natasha
  1807 | D:2      | Killed Natasha
  1808 | D:2      | Reached skill level 4 in Ice Magic
  1808 | D:2      | Reached XP level 4. HP: 32/32 MP: 0/7
  1847 | D:2      | Noticed Natasha
  1951 | D:2      | Killed Natasha
  2221 | D:2      | Gained mutation: A weak demonic guardian rushes to your
                  | aid. [demonic ancestry]
  2221 | D:2      | Reached XP level 5. HP: 33/38 MP: 5/9
  3073 | D:3      | You fall into a shaft and drop 2 floors!
  3073 | D:5      | Entered Level 5 of the Dungeon
  3089 | D:5      | Found a staircase to the Ecumenical Temple.
  3103 | Temple   | Entered the Ecumenical Temple
  3250 | Temple   | Became a worshipper of Vehumet
  3315 | D:5      | Slain by a water moccasin zombie

Illustrated notes

Levels and vault maps discovered:
D:1:      minmay_arrival_solitary_statue, layout_basic,
          ebering_ecumenical_altar_abandoned, minmay_misc_feat_enclosed
D:2:      layout_loops_ring, basic_altar, minivault_11, wad_floor_pattern_2,
          uniq_natasha
D:3:      layout_rooms, mainiacjoe_overflow_paths, mainiacjoe_overflow_chevrons,
          gammafunk_ghost_gnarly_gnolls, kennysheep_generic_room_9
D:5:      layout_basic, nemelex_xobeh_ov_fountains_minmay,
          minmay_temple_entry_statues_fountains, ebering_ghost_reflecting_pool
Temple:   hc_temple_tempest_star

Skill      XL: |  1  2  3  4  5 |
---------------+----------------+-----
Stealth        | 2 |  2.9
Dodging        | 2 |  2.7
Fighting       | 1 2 |  2.1
Ice Magic      | 4 |  4.2
Spellcasting   | |  2.8

Action                   |  1- 3 |  4- 6 || total
-------------------------+-------+-------++-------
Melee: Unarmed           |    18 |     3 ||    21
       Kick              |     2 |     9 ||    11
       Dagger            |       |    22 ||    22
 Cast: Freeze            |    43 |    19 ||    62
       Frozen Ramparts   |     1 |     2 ||     3
 Stab: Sleeping          |       |     1 ||     1
Armor: Robe              |    10 |     6 ||    16
Dodge: Dodged            |    25 |    22 ||    47
